 Dungeon Crawl Stone Soup version 0.19-a0-1850-g63fd1ff (webtiles) character file.

77 Naow the Chopper (level 4, -11/61 HPs)
             Began as a Minotaur Berserker on Oct 10, 2016.
             Was a Believer of Trog.
             Blown up by Ijyb (12 damage)
             ... with a wand of disintegration
             ... on level 2 of the Dungeon.
             The game lasted 00:01:48 (1409 turns).

Naow the Chopper (Minotaur Berserker)               Turns: 1409, Time: 00:01:50

Health: -11/61     AC:  4    Str: 26    XL:     4   Next: 14%
Magic:  3/3        EV: 12    Int:  5    God:    Trog [**....]
Gold:   88         SH:  0    Dex: 10    Spells: 0 memorised, 3 levels left

rFire  . . .     SeeInvis .     a - +0 hand axe
rCold  . . .     Gourm    .     b - +0 animal skin
rNeg   . . .     Faith    .     (no shield)
rPois  .         Spirit   .     (helmet restricted)
rElec  .         Dismiss  .     g - +0 cloak
rCorr  .         Reflect  .     (no gloves)
MR     .....     Harm     .     h - +0 pair of boots
Stlth  ..........               e - amulet of inaccuracy (curse)
                                (no ring)
                                (no ring)

@: berserking (expiring), lethally poisoned (-11 -> -11), very quick
A: retaliatory headbutt, horns 2
a: Berserk, Trog's Hand, Burn Spellbooks, Renounce Religion


You were on level 2 of the Dungeon.
You worshipped Trog.
Trog was pleased with you.
You were very hungry.

You visited 1 branch of the dungeon, and saw 2 of its levels.

You collected 88 gold pieces.

Inventory:

Hand Weapons
 a - a +0 hand axe (weapon)
Armour
 b - a +0 animal skin (worn)
 g - a +0 cloak (worn)
 h - a +0 pair of boots (worn)
Jewellery
 e - a cursed amulet of inaccuracy (around neck)
Scrolls
 k - a scroll of blinking {unknown}
 l - a scroll of remove curse {unknown}
 m - a scroll of magic mapping {unknown}
Potions
 f - a potion of beneficial mutation {unknown}
 n - a potion of flight {unknown}
Comestibles
 c - a bread ration
 d - 2 meat rations
 i - a slice of pizza
 j - 2 fruits


   Skills:
 + Level 4.4 Fighting
 + Level 4.9 Axes
 + Level 2.8 Armour
 + Level 2.7 Dodging
 + Level 0.1 Stealth


You had 3 spell levels left.
You didn't know any spells.

Dungeon Overview and Level Annotations

Branches:
Dungeon (2/15)

Altars:
Nemelex Xobeh

Annotations:
D:2 Ijyb


Innate Abilities, Weirdness & Mutations

You reflexively headbutt those who attack you in melee.
You have a pair of horns on your head.


Message History

Ijyb zaps a wand.
You are blasted!
* * * LOW HITPOINT WARNING * * *
You feel a strong urge to attack something.
Ijyb hits you but does no damage.
Found a bread ration.
You miss Ijyb. You hit the hobgoblin. The hobgoblin hits you.
* * * LOW HITPOINT WARNING * * *
You hit Ijyb.
Ijyb is lightly wounded.
You miss the hobgoblin. Ijyb hits you but does no damage.
The hobgoblin closely misses you. You furiously retaliate!
You headbutt the hobgoblin. You closely miss Ijyb.
Ijyb is lightly wounded.
You slash the hobgoblin!
You kill the hobgoblin!
Trog accepts your kill.
* * * LOW HITPOINT WARNING * * *
You feel sick.
Ijyb zaps a wand.
You are blasted!
You die...

..................
...........##.....
.................
##.......#.......
.......?........
................
...............
.......††......
.......@!......
.......g.......
.......r.......
........>......
...............
...............
##.............
#......%.....#


You could see Ijyb and a quokka.

Vanquished Creatures
  2 adders (D:2)
  An ooze (D:1)
  2 worms (D:2)
  A dart slug (D:1)
  2 leopard geckos (D:1)
  A giant cockroach (D:2)
  5 goblins
  8 hobgoblins
  4 jackals (D:1)
  10 bats
  2 kobolds
  6 rats
44 creatures vanquished.

Notes
Turn   | Place    | Note
-------+----------+-------------------------------------------
     0 | D:1      | Naow the Minotaur Berserker began the quest for the Orb.
     0 | D:1      | Reached XP level 1. HP: 19/19 MP: 0/0
   131 | D:1      | Reached XP level 2. HP: 11/27 MP: 1/1
   706 | D:1      | Reached XP level 3. HP: 25/33 MP: 2/2
   942 | D:1      | Reached ** piety under Trog
   981 | D:2      | Found a sparkling altar of Nemelex Xobeh.
  1400 | D:2      | Noticed Ijyb
  1402 | D:2      | Reached XP level 4. HP: 32/41 MP: 3/3
  1407 | D:2      | HP: 2/61 [hobgoblin (2)]
  1409 | D:2      | Blown up by Ijyb

Vault maps used:
D:1:      dpeg_arrival_snail, eino_curves_01
D:2:      kennysheep_ying_yang, cheibriados_altar_1, serial_park_tiny_2,
          minmay_misc_feat_doors, nemelex_xobeh_ov_fountains_minmay, uniq_iyjb

Skill      XL: |  1  2 |
---------------+-------+-----
Axes           | 4 |  4.9
Fighting       | 4 |  4.4
Armour         | |  2.8
Dodging        | |  2.7
Stealth        | |  0.1

Action                   |  1- 3 |  4- 6 || total
-------------------------+-------+-------++-------
Melee: Hand axe          |    75 |     4 ||    79
       Headbutt          |    13 |       ||    13
Invok: Berserk           |     2 |     1 ||     3
  Eat: Chunk             |     3 |       ||     3
Armor: Animal skin       |    17 |     2 ||    19
Dodge: Dodged            |    51 |     3 ||    54
